 Dungeon Crawl Stone Soup version 0.25.0-41-g26779e291d (webtiles) character file.

Game seed: 9834055778147503201

192487 funkygono the Peltast (level 17, -12/158 HPs)
             Began as a Minotaur Fighter on July 10, 2020.
             Was the Champion of Okawaru.
             Killed by the raging water
             ... invoked by a water nymph
              (30 damage)
             ... on level 1 of the Shoals.
             The game lasted 01:40:37 (30925 turns).

funkygono the Peltast (Minotaur Fighter)           Turns: 30925, Time: 01:40:38

Health: -12/158    AC: 30    Str: 39    XL:     17   Next: 61%
Magic:  19/19      EV: 18    Int:  8    God:    Okawaru [******]
Gold:   2261       SH: 21    Dex: 13    Spells: 16/16 levels left

rFire    + . .     SeeInvis +   a - +8 whip (drain)
rCold    . . .     Gourm    .   E - +1 kite shield {AC+3}
rNeg     . . .     Faith    .   W - +1 chain mail of the Blind Marksman {+Blink Str+5 Int+3}
rPois    .         Spirit   .   (helmet restricted)
rElec    .         Reflect  .   o - +2 cloak
rCorr    .         Harm     .   P - +2 pair of gloves {Str+3}
MR       +....                  s - +2 pair of boots {run}
Stlth    +.........             U - amulet of regeneration
HPRegen  0.76/turn              C - ring of the Failed Coup {rF+ SInv}
MPRegen  0.16/turn              R - +6 ring of strength

@: heroism, engulfed (cannot breathe), very slow
A: retaliatory headbutt, horns 2
}: 1/15 runes: gossamer
a: Heroism, Finesse, Renounce Religion, Evoke Blink


You were on level 1 of the Shoals.
You worshipped Okawaru.
Okawaru was exalted by your worship.
You were not hungry.

You visited 5 branches of the dungeon, and saw 27 of its levels.
You also visited: Ice Cave.

You collected 3008 gold pieces.
You spent 747 gold pieces at shops.

Inventory:

Hand Weapons
 a - a +8 whip of draining (weapon)
 b - the +7 fustibalus "Cuck" {freeze, rPois}
   (You bought it in a shop on level 2 of the Orcish Mines)

   It causes projectiles fired from it to freeze those they strike, causing
   extra injury to most foes and up to half again as much damage against
   particularly susceptible opponents.
   They can also slow down cold-blooded creatures.
   It protects you from poison.
Missiles
 e - 619 stones (quivered)
 m - 70 sling bullets
Armour
 o - a +2 cloak (worn)
 s - a +2 pair of boots of running (worn)
 E - a +1 kite shield of protection (worn)
 F - a +2 crystal plate armour
 P - a +2 pair of gloves of strength (worn)
 W - the +1 chain mail of the Blind Marksman (worn) {+Blink Str+5 Int+3}
   (Okawaru gifted it to you on level 3 of the Lair of Beasts)

   It affects your strength (+5).
   It affects your intelligence (+3).
   It lets you blink.
Jewellery
 C - the ring of the Failed Coup (left hand) {rF+ SInv}
   (You took it off a gnoll on level 8 of the Dungeon)

   [ring of protection from fire]

   It protects you from fire.
   It lets you see invisible.
 D - an uncursed ring of positive energy
 O - an uncursed amulet of reflection
 R - a +6 ring of strength (right hand)
 U - an amulet of regeneration (around neck)
Wands
 i - a wand of enslavement (12)
 j - a wand of random effects (56)
 q - a wand of iceblast (26)
 u - a wand of acid (26)
 y - a wand of disintegration (10)
 M - a wand of flame (14)
 N - a wand of digging (15)
 S - a wand of paralysis (22)
Scrolls
 c - 5 scrolls of magic mapping
 r - 17 scrolls of remove curse
 w - 6 scrolls of identify
 H - 5 scrolls of fear
 I - a scroll of blinking
 J - 2 scrolls of torment
 T - 3 scrolls of fog
 Y - 8 scrolls of teleportation
Potions
 d - 4 potions of might
 g - 4 potions of curing
 h - 2 potions of heal wounds
 l - 4 potions of mutation
 n - 11 potions of flight
 t - a potion of berserk rage
 v - a potion of stabbing
 x - 4 potions of haste
 z - 3 potions of invisibility
 A - 4 potions of brilliance
 B - 4 potions of lignification
 X - 3 potions of ambrosia
Miscellaneous
 k - a lightning rod (4/4)
Comestibles
 f - 44 rations


   Skills:
 + Level 15.9(20.9) Fighting
 + Level 17.9(22.9) Maces & Flails
 + Level 14.8(19.8) Slings
 + Level 14.0(19.0) Armour
 + Level 8.8(13.8) Dodging
 + Level 4.2(9.2) Stealth
 + Level 20.5(25.5) Shields
 + Level 5.1 Invocations
 + Level 2.9 Evocations


You had 16 spell levels left.
You didn't know any spells.
Your spell library contained the following spells:

 Spells                   Type           Power        Failure   Level  Hunger
 Animate Skeleton         Necr           N/A          67%         1    ##.....
 Corona                   Hex            #......      67%         1    ##.....
 Foxfire                  Conj/Fire      #...         67%         1    ##.....
 Infusion                 Chrm           #...         67%         1    ##.....
 Pain                     Necr           #...         67%         1    ##.....
 Shock                    Conj/Air       #...         67%         1    ##.....
 Sting                    Tmut/Pois      #...         67%         1    ##.....
 Summon Small Mammal      Summ           #...         67%         1    ##.....
 Blink                    Tloc           N/A          82%         2    ###....
 Call Imp                 Summ           #.......     82%         2    ###....
 Ensorcelled Hibernation  Hex/Ice        #.....       82%         2    ###....
 Poisonous Vapours        Pois/Air       #.....       82%         2    ###....
 Shroud of Golubria       Chrm/Tloc      #.....       82%         2    ###....
 Slow                     Hex            #.......     82%         2    ###....
 Swiftness                Chrm/Air       #.......     82%         2    ###....
 Call Canine Familiar     Summ           #.......     96%         3    ####...
 Confusing Touch          Hex            #.......     96%         3    ####...
 Conjure Flame            Conj/Fire      #.......     96%         3    ####...
 Dazzling Flash           Conj/Hex       #.....       96%         3    ####...
 Gell's Gravitas          Tloc           #.........   96%         3    ####...
 Ignite Poison            Fire/Tmut/Pois #.......     96%         3    ####...
 Inner Flame              Hex/Fire       #.......     96%         3    ####...
 Lesser Beckoning         Tloc           #.........   96%         3    ####...
 Mephitic Cloud           Conj/Pois/Air  #.......     96%         3    ####...
 Portal Projectile        Hex/Tloc       #.....       96%         3    ####...
 Spectral Weapon          Hex/Chrm       #.......     96%         3    ####...
 Static Discharge         Conj/Air       #.......     96%         3    ####...
 Summon Guardian Golem    Hex/Summ       #.......     96%         3    ####...
 Teleport Other           Tloc           #.......     96%         3    ####...
 Tukima's Dance           Hex            #.......     96%         3    ####...
 Vampiric Draining        Necr           #.........   96%         3    ####...
 Airstrike                Air            #.........   100%        4    #####..
 Animate Dead             Necr           N/A          100%        4    #####..
 Cause Fear               Hex            #.........   100%        4    #####..
 Leda's Liquefaction      Hex/Erth       #.........   100%        4    #####..
 Olgreb's Toxic Radiance  Pois           #.......     100%        4    #####..
 Passage of Golubria      Tloc           N/A          100%        4    #####..
 Petrify                  Tmut/Erth      #.......     100%        4    #####..
 Sticky Flame             Conj/Fire      #.......     100%        4    #####..
 Summon Ice Beast         Ice/Summ       #.......     100%        4    #####..
 Summon Lightning Spire   Summ/Air       #.......     100%        4    #####..
 Agony                    Necr           #.......     100%        5    ######.
 Bolt of Magma            Conj/Fire/Erth #.........   100%        5    ######.
 Fireball                 Conj/Fire      #.........   100%        5    ######.
 Irradiate                Conj/Tmut      #.........   100%        5    ######.
 Lightning Bolt           Conj/Air       #.........   100%        5    ######.
 Metabolic Englaciation   Hex/Ice        #.........   100%        5    ######.
 Yara's Violent Unravell  Hex/Tmut       #.........   100%        5    ######.
 Conjure Ball Lightning   Conj/Air       #.........   100%        6    #######
 Hydra Form               Tmut           #.........   100%        6    #######
 Iron Shot                Conj/Erth      #.........   100%        6    #######
 Statue Form              Tmut/Erth      #........    100%        6    #######
 Dragon Form              Tmut           #.........   100%        7    #######
 Chain Lightning          Conj/Air       #.........   100%        8    #######
 Lehudib's Crystal Spear  Conj/Erth      #.........   100%        8    #######
 Absolute Zero            Ice            #.........   100%        9    #######
 Fire Storm               Conj/Fire      #.........   100%        9    #######
 Shatter                  Erth           #.........   100%        9    #######


Dungeon Overview and Level Annotations

Branches:
Dungeon (14/15)            Temple (0/1) D:5            Lair (6/6) D:9
 Shoals (1/4) Lair:2       Spider (4/4) Lair:3        Slime (0/5) Lair:6
    Orc (2/2) D:11            Elf (0/3) Orc:2        Vaults (0/5) D:13
  IceCv (visited)

Altars:
Ashenzari
Dithmenos
Gozag
Hepliaklqana
Okawaru
Ru
Trog
Uskayaw
Vehumet
Xom
Yredelemnul
Zin
The Shining One
Jiyva

Shops:
D:5 :*   D:6 *   D:12 *   Orc:1 [   Orc:2 [*%[%[%!

Annotations:
Spider:3 3 runed translucent doors, Itah's ghost, adept MiFi; Qafumib's ghost, adept BaMo; Vuykkinei's ghost, adept TrBe; Wicuem's ghost, adept MiFi


Innate Abilities, Weirdness & Mutations

You reflexively headbutt those who attack you in melee.
You have a pair of horns on your head.


Message History

Your lungs strain for air!
The harpy screeches!
You block the harpy's attack. The harpy completely misses you.
The sea snake misses you. You furiously retaliate!
You headbutt the sea snake.
The merfolk aquamancer hits you but does no damage.
The harpy claws you but does no damage. You block the harpy's attack.
The sea snake bites you but does no damage.
You hit the merfolk aquamancer. You drain the merfolk aquamancer.
You headbutt the merfolk aquamancer.
The merfolk aquamancer is heavily wounded.
* * * LOW HITPOINT WARNING * * *
Your lungs strain for air!
You block the merfolk impaler's attack.
The merfolk aquamancer hits you but does no damage.
The water nymph touches you. The water nymph drowns you!
* * * LOW HITPOINT WARNING * * *
You block the water elemental's attack. The water nymph casts a spell at you.
The water swirls and strikes you!!
You die...

.... ..≈≈..####
....##..≈......
..≈...≈≈≈≈..≈≈.
..≈≈≈≈≈≈≈≈≈≈≈≈≈≈
.≈≈≈≈≈≈≈.≈≈≈≈≈>
≈≈≈≈.≈mEt≈≈#≈#..
≈≈≈..HSmS#≈.≈..#
≈≈...EH@mm≈≈S...
≈≈...Ym#E≈≈(≈≈..
≈≈≈..≈Y.≈≈≈≈≈≈≈.
≈≈≈.(.#≈C≈≈≈≈≈≈(
≈≈≈......≈≈≈≈≈≈≈
≈≈≈...#.≈≈≈≈≈≈≈≈
≈≈≈≈....≈≈≈≈≈≈≈≈
≈≈≈≈≈ Y#≈≈≈≈≈≈≈≈


You could see a merfolk impaler, 3 sea snakes, 2 merfolk aquamancers, a snapping
turtle, a cyclops, 3 water elementals, 2 water nymphs, 2 harpies and 2 dream
sheep.

Vanquished Creatures
  Arachne (Spider:2)
  Rupert (D:14)
  Kirke (Spider:1)
  The ghost of jazmu the Peltast, an adept FoWn of Okawaru (Spider:2)
  5 ghost moths
  A frost giant (IceCv)
  4 emperor scorpions
  3 entropy weavers
  Azrael (D:13)
  3 spark wasps
  An ettin (Orc:2)
  A merfolk javelineer (D:13)
  A fire dragon (D:10)
  The ghost of ZomBoFoB the Martial Artist, a journeyman DsCK of Xom (D:13)
  Josephine (D:13)
  The ghost of Ivan the Champion of Chaos, a journeyman DDFi of Makhleb (Lair:1)
  6 hydras
  A naga warrior (D:13)
  3 vault guards (D:13)
  Harold (D:8)
  A catoblepas (Lair:4)
  2 merfolk aquamancers (Shoals:1)
  5 two-headed ogres
  4 tengu warriors
  A death knight (D:13)
  8 centaur warriors
  15 death yaks
  A dancing weapon (Spider:2)
  An orc high priest (Orc:2)
  Sonja (Lair:3)
  The ghost of xccam the Slicer, a novice OpAs of Uskayaw (D:8)
  Nergalle (D:11)
  A skeletal warrior (D:12)
  5 unseen horrors
  A harpy (Shoals:1)
  19 orb spiders
  4 orc knights
  A harpy (shapeshifter) (D:14)
  26 wolf spiders
  A deep elf mage (D:14)
  4 orc sorcerers (Orc:2)
  3 cyclopes
  4 ugly things
  6 manticores
  3 black mambas
  9 elephants
  The ghost of IHuginn the Skirmisher, a novice DrTm of Sif Muna (D:5)
  Maggie (D:10)
  A gargoyle (D:11)
  An ice statue (IceCv)
  6 centaur skeletons
  10 spiny frogs
  4 rime drakes
  2 kobold demonologists (D:14)
  7 komodo dragons
  14 demonic crawlers
  The ghost of Skimidon the Chopper, an amateur DDFi of Makhleb (D:4)
  18 polar bears
  2 tengu conjurers
  34 jumping spiders
  7 trolls
  A wolf spider simulacrum (D:14)
  4 slime creatures (D:14)
  13 hornets
  29 blink frogs
  10 dream sheep
  10 hippogriffs
  2 shadows
  50 redbacks
  11 spriggans (Lair:6)
  6 wyverns
  A water elemental (Shoals:1)
  34 yaks
  2 vampires
  2 hogs (Spider:1)
  23 tarantellas
  A hog (shapeshifter) (D:13)
  6 hungry ghosts
  2 fire elementals (D:13)
  8 humans (D:13)
  7 wraiths
  3 basilisks
  4 vampire mosquitoes
  Grum (D:8)
  A warg (Orc:2)
  2 acid dragons
  A soldier ant (D:14)
  16 water moccasins
  A floating eye (D:12)
  13 porcupines
  5 black bears
  3 hell hounds (D:13)
  25 orc warriors
  5 sky beasts
  A necrophage (D:11)
  3 ice beasts
  A hornet zombie (D:14)
  44 wolves
  11 ogres
  3 phantoms
  An eye of draining (D:14)
  4 boggarts (Lair:6)
  21 centaurs
  14 crocodiles
  6 big kobolds
  25 bullfrogs
  3 gnoll sergeants
  6 scorpions
  6 killer bees (D:13)
  8 wights
  2 howler monkeys (D:9)
  3 electric eels
  11 crimson imps
  A quasit (D:9)
  2 bullfrog zombies
  A bullfrog skeleton (D:12)
  6 centaur zombies
  7 hounds
  22 orc priests
  2 gnoll shamans (D:8)
  7 jellies
  4 iguanas
  4 hell rats (Lair:3)
  29 orc wizards
  10 worker ants
  A killer bee zombie (D:9)
  A hound zombie (D:10)
  A hound skeleton (D:9)
  A worker ant zombie (D:10)
  A howler monkey skeleton (D:7)
  13 adders
  21 gnolls
  7 river rats
  4 shadow imps
  An ooze (D:2)
  An adder skeleton (D:9)
  4 worms
  5 leopard geckos
  82 orcs
  8 giant cockroaches
  5 hobgoblins
  10 jackals
  29 kobolds
  9 quokkas
  A ball python (D:8)
  3 bats
  3 frilled lizards
  4 goblins
  A leopard gecko skeleton (D:4)
  A quokka skeleton (D:6)
  19 rats
  A fungus (Lair:6)
  A plant (D:11)
1083 creatures vanquished.

Vanquished Creatures (collateral kills)
  An orb spider (Spider:4)
1 creature vanquished.

Vanquished Creatures (others)
  A jumping spider (Spider:4)
  A tarantella (Spider:4)
  2 humans
  3 bushes (Lair:6)
  14 fungi
  11 plants
32 creatures vanquished.

Grand Total: 1116 creatures vanquished

Notes
Turn   | Place    | Note
-------+----------+-------------------------------------------
     0 | D:1      | funkygono the Minotaur Fighter began the quest for the Orb.
     0 | D:1      | Reached XP level 1. HP: 19/19 MP: 0/0
   248 | D:1      | Reached XP level 2. HP: 15/27 MP: 1/1
   960 | D:2      | Reached skill level 4 in Shields
   963 | D:2      | Reached XP level 3. HP: 24/33 MP: 2/2
  1113 | D:2      | Reached skill level 1 in Dodging
  1178 | D:2      | Reached XP level 4. HP: 27/41 MP: 3/3
  1906 | D:3      | Found a glowing silver altar of Zin.
  2238 | D:3      | Found a shadowy altar of Dithmenos.
  2255 | D:3      | Found a bloodstained altar of Trog.
  2258 | D:3      | Found an iron altar of Okawaru.
  2270 | D:3      | Found a glowing golden altar of the Shining One.
  2276 | D:3      | Became a worshipper of Warmaster Okawaru
  2589 | D:4      | Reached XP level 5. HP: 47/47 MP: 4/4
  2749 | D:4      | Found a runed translucent door.
  2793 | D:4      | Reached skill level 5 in Shields
  2793 | D:4      | Reached XP level 6. HP: 39/53 MP: 5/5
  2909 | D:4      | Reached skill level 5 in Armour
  2927 | D:4      | Found an opulent altar of Gozag.
  2993 | D:4      | Found a sacrificial altar of Ru.
  3038 | D:4      | Reached * piety under Okawaru
  3042 | D:4      | Reached skill level 1 in Stealth
  3162 | D:4      | Found a hazy altar of Hepliaklqana.
  3173 | D:4      | Reached skill level 5 in Maces & Flails
  3281 | D:4      | Found a glowing golden altar of the Shining One.
  3315 | D:4      | Reached skill level 5 in Fighting
  3315 | D:4      | Reached XP level 7. HP: 61/61 MP: 6/6
  3358 | D:4      | Noticed Skimidon's ghost (amateur DDFi)
  3581 | D:4      | Killed Skimidon's ghost
  3581 | D:4      | Reached ** piety under Okawaru
  3581 | D:4      | Reached skill level 6 in Shields
  3721 | D:5      | Entered Level 5 of the Dungeon
  3796 | D:5      | Reached XP level 8. HP: 62/68 MP: 4/7
  3802 | D:5      | Found Polabuw's Book Shop.
  3916 | D:5      | Found Viniplah's Assorted Antiques.
  3924 | D:5      | Bought a pair of runed boots for 187 gold pieces
  3929 | D:5      | Identified a +0 pair of boots of running (You bought it in
                  | a shop on level 5 of the Dungeon)
  3969 | D:5      | Found a radiant altar of Vehumet.
  4015 | D:5      | Found a staircase to the Ecumenical Temple.
  4095 | D:5      | Found a basalt altar of Yredelemnul.
  4770 | D:5      | Found a runed translucent gate.
  4770 | D:5      | Found a runed translucent gate.
  4770 | D:5      | Found an opulent altar of Gozag.
  4771 | D:5      | Found a runed translucent gate.
  4771 | D:5      | Noticed IHuginn's ghost (novice DrTm)
  4997 | D:6      | Noticed a hippogriff
  5004 | D:6      | Killed a hippogriff
  5018 | D:6      | Found Iteryod's Assorted Antiques.
  5139 | D:6      | Reached skill level 7 in Shields
  5566 | D:6      | Reached *** piety under Okawaru
  5590 | D:6      | Reached XP level 9. HP: 78/78 MP: 5/8
  6069 | D:7      | Reached skill level 8 in Shields
  6131 | D:7      | Found a hide-covered altar of Uskayaw.
  6594 | D:8      | Noticed Harold
  6614 | D:8      | Killed Harold
  6614 | D:8      | Reached skill level 1 in Invocations
  6670 | D:8      | Reached **** piety under Okawaru
  6900 | D:8      | Reached skill level 9 in Shields
  7045 | D:8      | Noticed Grum
  7061 | D:8      | Noticed xccam's ghost (novice OpAs)
  7062 | D:8      | Identified the ring of the Failed Coup {rF+ SInv}
  7076 | D:8      | Found a transporter.
  7076 | D:8      | Found a transporter.
  7166 | D:8      | Found a shattered altar of Ashenzari.
  7325 | D:8      | Received a gift from Okawaru
  7325 | D:8      | Reached XP level 10. HP: 81/88 MP: 9/9
  7439 | D:8      | Killed xccam's ghost
  7439 | D:8      | Reached skill level 10 in Maces & Flails
  7480 | D:8      | Killed Grum
  8017 | D:9      | Noticed a death yak
  8032 | D:9      | Found a staircase to the Lair.
  8034 | D:9      | Noticed a death yak
  8035 | D:9      | Noticed a death yak
  8051 | D:9      | Killed a death yak
  8051 | D:9      | Reached skill level 10 in Shields
  8059 | D:9      | Killed a death yak
  8059 | D:9      | Reached ***** piety under Okawaru
  8077 | D:9      | Killed a death yak
  8077 | D:9      | Reached skill level 1 in Evocations
  8088 | D:9      | Reached XP level 11. HP: 28/95 MP: 9/11
  8380 | D:9      | Reached skill level 10 in Armour
  8802 | D:9      | Found a glowing silver altar of Zin.
  9056 | D:9      | Reached skill level 11 in Shields
  9345 | D:9      | Noticed a tengu warrior
  9375 | D:9      | Killed a tengu warrior
  9375 | D:9      | Reached skill level 5 in Dodging
  9512 | Lair:1   | Entered Level 1 of the Lair of Beasts
  9672 | Lair:1   | Reached ****** piety under Okawaru
  9784 | Lair:1   | Found a runed translucent gate.
  9784 | Lair:1   | Found a runed translucent gate.
  9784 | Lair:1   | Found a runed translucent gate.
  9786 | Lair:1   | Noticed Ivan's ghost (journeyman DDFi)
  9813 | Lair:1   | Killed Ivan's ghost
  9813 | Lair:1   | Received a gift from Okawaru
 10442 | Lair:2   | Found a staircase to the Shoals.
 10462 | Lair:2   | Reached skill level 12 in Shields
 10878 | Lair:2   | Reached XP level 12. HP: 102/106 MP: 13/13
 11242 | Lair:3   | Found a gate leading to a gauntlet.
 11258 | Lair:3   | Noticed an eight-headed hydra
 11269 | Lair:3   | Killed an eight-headed hydra
 11269 | Lair:3   | Reached skill level 10 in Fighting
 11463 | Lair:3   | Noticed Sonja
 11480 | Lair:3   | Killed Sonja
 11480 | Lair:3   | Reached skill level 13 in Shields
 11486 | Lair:3   | Found a hole to the Spider Nest.
 12162 | Lair:3   | Received a gift from Okawaru
 12165 | Lair:3   | Got a twisted chain mail {god gift}
 12176 | Lair:3   | Identified the +1 chain mail of the Blind Marksman {+Blink
                  | Str+5 Int+3} (Okawaru gifted it to you on level 3 of the
                  | Lair of Beasts)
 12738 | Lair:4   | Noticed a death yak
 12738 | Lair:4   | Noticed a death yak
 12739 | Lair:4   | Noticed a death yak
 12739 | Lair:4   | Noticed a catoblepas
 12740 | Lair:4   | Noticed a death yak
 12740 | Lair:4   | Noticed a death yak
 12746 | Lair:4   | Noticed a death yak
 12752 | Lair:4   | Killed a death yak
 12794 | Lair:4   | Killed a death yak
 12794 | Lair:4   | Reached skill level 14 in Shields
 12832 | Lair:4   | Killed a death yak
 12843 | Lair:4   | Killed a death yak
 12850 | Lair:4   | Killed a catoblepas
 12859 | Lair:4   | Killed a death yak
 12862 | Lair:4   | Killed a death yak
 13294 | Lair:4   | Reached XP level 13. HP: 115/115 MP: 11/14
 13953 | Lair:5   | Received a gift from Okawaru
 14398 | Lair:5   | Reached skill level 15 in Maces & Flails
 14418 | Lair:5   | Reached skill level 15 in Shields
 14855 | Lair:6   | Entered Level 6 of the Lair of Beasts
 15259 | Lair:6   | Received a gift from Okawaru
 15352 | Lair:6   | Reached skill level 16 in Shields
 15605 | Lair:6   | Reached XP level 14. HP: 113/125 MP: 15/15
 16478 | Lair:6   | Found a viscous altar of Jiyva.
 16479 | Lair:6   | Found a staircase to the Slime Pits.
 16788 | D:10     | Entered Level 10 of the Dungeon
 17107 | D:10     | Identified the Almanac of Combat Magic and Self-Knowledge
 17262 | D:10     | Noticed Maggie
 17267 | D:10     | Killed Maggie
 17476 | D:10     | Found a runed translucent door.
 17476 | D:10     | Found a runed translucent door.
 17489 | D:10     | Received a gift from Okawaru
 17542 | D:10     | Found a large runed translucent door.
 17542 | D:10     | Found a large runed translucent door.
 17600 | D:10     | Found a large runed translucent door.
 17600 | D:10     | Found a large runed translucent door.
 17884 | D:10     | Reached skill level 17 in Shields
 18198 | D:11     | Reached skill level 1 in Slings
 18597 | D:11     | Noticed Nergalle
 18608 | D:11     | Killed Nergalle
 18921 | D:11     | Found a staircase to the Orcish Mines.
 19104 | Orc:1    | Entered Level 1 of the Orcish Mines
 19104 | Orc:1    | Found Yfajoabb's Armour Shop.
 19532 | Orc:2    | Entered Level 2 of the Orcish Mines
 19600 | Orc:2    | Found a staircase to the Elven Halls.
 19657 | Orc:2    | Found Diogum's Distillery.
 19772 | Orc:2    | Found Zuren's Food Shoppe.
 19786 | Orc:2    | Reached skill level 5 in Slings
 19958 | Orc:2    | Found Yhehirut's Assorted Antiques.
 20086 | Orc:2    | Reached XP level 15. HP: 130/134 MP: 17/17
 20313 | Orc:2    | Found Zugi's Antique Armour Shop.
 20313 | Orc:2    | Found Pynwug's Food Shop.
 20314 | Orc:2    | Found Bexeur's Food Boutique.
 20317 | Orc:2    | Found Zalairoim's Armour Boutique.
 20364 | Orc:2    | Found Qel Ygys's Antique Armour Boutique.
 20370 | Orc:2    | Bought a pitted fustibalus for 560 gold pieces
 20370 | Orc:2    | Identified the +7 fustibalus "Cuck" {freeze, rPois} (You
                  | bought it in a shop on level 2 of the Orcish Mines)
 20880 | Spider:1 | Entered Level 1 of the Spider Nest
 20973 | Spider:1 | Received a gift from Okawaru
 21107 | Spider:1 | Noticed Kirke
 21130 | Spider:1 | Killed Kirke
 22167 | Spider:1 | Identified a scroll of acquirement
 22167 | Spider:1 | Acquired a manual of Slings
 22400 | Spider:2 | Noticed Arachne
 22440 | Spider:2 | Killed Arachne
 22448 | Spider:2 | Reached skill level 18 in Shields
 22516 | Spider:2 | Received a gift from Okawaru
 22785 | Spider:2 | Found a runed translucent door.
 22847 | Spider:2 | Reached skill level 10 in Slings
 23024 | Spider:2 | Found a shimmering altar of Xom.
 23024 | Spider:2 | Noticed jazmu's ghost (adept FoWn)
 23368 | Spider:2 | Acquired 6 rations
 23609 | Spider:3 | Received a gift from Okawaru
 23788 | Spider:3 | Noticed a ghost moth
 23794 | Spider:3 | Killed a ghost moth
 23863 | Spider:3 | Reached XP level 16. HP: 145/145 MP: 18/18
 24210 | Spider:3 | Found a runed translucent gate.
 24258 | Spider:3 | Found a runed translucent gate.
 24258 | Spider:3 | Found a runed translucent gate.
 24260 | Spider:3 | Noticed Itah's ghost (adept MiFi)
 24260 | Spider:3 | Noticed Qafumib's ghost (adept BaMo)
 24261 | Spider:3 | Noticed Vuykkinei's ghost (adept TrBe)
 24261 | Spider:3 | Noticed Itah's ghost (adept MiFi)
 24262 | Spider:3 | Noticed Wicuem's ghost (adept MiFi)
 24386 | Spider:4 | Entered Level 4 of the Spider Nest
 24612 | Spider:4 | Received a gift from Okawaru
 24829 | Spider:4 | Received a gift from Okawaru
 25314 | Spider:4 | Reached skill level 19 in Shields
 25520 | Spider:4 | Got a gossamer rune of Zot
 25978 | D:12     | Found a frozen archway.
 26002 | IceCv    | Entered an ice cave
 26026 | IceCv    | Received a gift from Okawaru
 27269 | D:12     | Found Ditomupysk's Changing Room.
 27291 | D:12     | Paralysed by a floating eye for 2 turns
 27296 | D:12     | Paralysed by a floating eye for 3 turns
 27304 | D:12     | Paralysed by a floating eye for 4 turns
 27498 | D:13     | Received a gift from Okawaru
 27643 | D:13     | Reached XP level 17. HP: 154/154 MP: 19/19
 27866 | D:13     | Found a runed translucent gate.
 27866 | D:13     | Found a runed translucent gate.
 27867 | D:13     | Noticed ZomBoFoB's ghost (journeyman DsCK)
 27868 | D:13     | Found a runed translucent gate.
 27869 | D:13     | Found an iron altar of Okawaru.
 27898 | D:13     | Reached skill level 15 in Fighting
 27992 | D:13     | Killed ZomBoFoB's ghost
 28098 | D:13     | Got a bloodstained leather armour
 28109 | D:13     | Identified the +3 leather armour "Cylam" {rC+ Str-4 Int+6}
                  | (You found it on level 13 of the Dungeon)
 28149 | D:13     | Noticed Azrael
 28197 | D:13     | Killed Azrael
 28197 | D:13     | Reached skill level 20 in Shields
 28197 | D:13     | Reached skill level 5 in Invocations
 28543 | D:13     | Noticed Josephine
 28568 | D:13     | Killed Josephine
 28785 | D:13     | Found a gate to the Vaults.
 29120 | D:14     | Noticed Rupert
 29125 | D:14     | Killed Rupert
 29125 | D:14     | Received a gift from Okawaru
 29484 | D:14     | Got a slimy ring mail
 29495 | D:14     | Identified the +2 ring mail of Niunemir {MR+} (You found it
                  | on level 14 of the Dungeon)
 30278 | D:5      | Killed IHuginn's ghost
 30714 | Spider:2 | Killed jazmu's ghost
 30897 | Shoals:1 | Entered Level 1 of the Shoals
 30912 | Shoals:1 | Received a gift from Okawaru
 30925 | Shoals:1 | Killed from afar by a water nymph

Illustrated notes

Levels and vault maps discovered:
D:1:      scummos_arrival_forest, layout_loops_ring,
          chequers_serial_rivers_marsh, supply_closet_lemuel
D:2:      layout_loops_ring
D:3:      layout_basic, grunt_temple_overflow_cloverleaf, zin_treasury,
          gup_sewer_entry_spiral
D:4:      layout_loops_ring, nicolae_gozag_cash_rules_everything_around_me,
          nicolae_ru_sacrificial_ziggurat, nicolae_overflow_hidden_temple,
          ebering_ghost_sewer_d, minmay_parallelograms, tso_metal_star
D:5:      lemuel_ratsnest, layout_loops_ring, nicolae_overflow_crystal_walls,
          kennysheep_mini, minmay_temple_entry_enclosed_plants,
          ebering_ghost_gozag, first_ration, serial_shops,
          nicolae_shop_competitors_out_of_business, shop, minmay_misc_feat_roman
D:6:      layout_basic, serial_shops, shop
D:7:      layout_rooms, eat_drink_and_be_merry_uskayaw
D:8:      layout_rooms, gammafunk_ghost_gnarly_gnolls, grunt_pizzeria,
          evilmike_ruin_ashenzari, uniq_harold
D:9:      kennysheep_windowed_halls, layout_rooms, dpeg_lair_monsters,
          basic_altar, minivault_20
D:10:     minmay_the_grid_triangle_9x9_recursive_2_mashed
          [minmay_the_grid_triangle_9x9_prize_schism,
          minmay_the_grid_triangle_9x9_empty,
          minmay_the_grid_triangle_9x9_negative_grid,
          minmay_the_grid_triangle_9x9_tough_junction], layout_stronghold,
          minmay_hollow_rounded_squares, uniq_maggie
D:11:     layout_irregular_city, orc_0_dummy, serial_column_ruins,
          column_ruins_corridor_corner, column_ruins_columns_straight,
          column_ruins_corridor_water, column_ruins_open_small,
          column_ruins_open_tiny, serial_bayou_lagoon_a, uniq_nergalle
D:12:     layout_basic, portal_ice_cave_rime, nicolae_transmutations_shop,
          onia_ninara_cookie
D:13:     layout_roguey, ximxim_vaults_locker_room,
          gammafunk_ghost_fury_of_okawaru, uniq_azrael, uniq_josephine
D:14:     layout_basic, minmay_door_square, uniq_rupert
Lair:1:   layout_hall_layers, ebering_ghost_rock_garden
Lair:2:   layout_roguey, elwin_shoals_entry_rocks, minmay_holes
Lair:3:   layout_roguey, spider_nest_entry_a, gauntlet_entry_generic,
          grunt_megastairs_1, uniq_sonja
Lair:4:   layout_gridlike, nicolae_quartered_pool_super
Lair:5:   layout_loops_ring, infiniplex_staircase_pool_2
Lair:6:   minmay_lair_end_enchanted_forest, layout_regular_city,
          dpeg_slime_entry_enclosed_altar, lemuel_fruit_tree
Shoals:1: layout_shoals, nicolae_shoals_water_shrine, uniq_donald
Spider:1: layout_spider_delve, uniq_kirke
Spider:2: layout_spider_delve, ebering_ghost_xom, uniq_arachne
Spider:3: layout_spider_delve, gammafunk_ghost_cemetery
Spider:4: grunt_spider_rune_island
Orc:1:    layout_caves, serial_shops, shop
Orc:2:    st_orc_mages, layout_caves, serial_shops, nicolae_shop_trees,
          nicolae_shop_trees, nicolae_shop_temple_entry_statues_fountains,
          nicolae_shop_waterfront, library_closet

Skill      XL: |  1  2  3  4  5  6  7  8  9 10 11 12 13 14 15 16 17 |
---------------+----------------------------------------------------+-----
Armour         | 4 5 6 7 9 10 11 12 13 14 | 14.0
Fighting       | 4 5 6 7 8 9 10 11 12 13 14 15 | 15.9
Shields        | 4 5 6 7 9 10 12 14 16 17 18 19 20 | 20.5
Dodging        | 1 2 3 4 6 7 8 |  8.8
Maces & Flails | 3 4 5 7 8 9 11 13 14 15 16 17 | 17.9
Stealth        | 1 3 4 |  4.2
Invocations    | 1 2 3 4 5 |  5.1
Evocations     | 1 2 |  2.9
Slings         | 5 11 14 | 14.8

Action                   |  1- 3 |  4- 6 |  7- 9 | 10-12 | 13-15 | 16-18 || total
-------------------------+-------+-------+-------+-------+-------+-------++-------
Melee: Flail             |    61 |       |       |       |       |       ||    61
       Headbutt          |    10 |    21 |    67 |   157 |   353 |   293 ||   901
       Whip              |    39 |   147 |   307 |   662 |  1105 |   857 ||  3117
       Unarmed           |       |       |       |       |     8 |       ||     8
 Fire: Hunting sling     |       |       |       |       |   206 |       ||   206
       Fustibalus        |       |       |       |       |   223 |   384 ||   607
Throw: Stone             |       |       |       |     1 |       |     4 ||     5
Invok: Heroism           |       |       |     8 |    13 |    39 |    16 ||    76
       Finesse           |       |       |       |       |     2 |       ||     2
Evoke: Wand              |       |       |     1 |     5 |     2 |    17 ||    25
       Box of beasts     |       |       |       |     1 |       |       ||     1
       Lightning rod     |       |       |       |     3 |       |     1 ||     4
       Phantom mirror    |       |       |       |       |       |     1 ||     1
  Use: Scroll            |       |     4 |    12 |     8 |    17 |    10 ||    51
       Potion            |       |       |     1 |     3 |     4 |     1 ||     9
 Stab: Petrified         |       |       |       |     8 |       |       ||     8
       Petrifying        |       |       |       |     2 |       |       ||     2
  Eat: Chunk             |     1 |     7 |    12 |    14 |    25 |    10 ||    69
       Ration            |       |       |       |     2 |     2 |     3 ||     7
Armor: Scale mail        |    41 |    18 |    10 |    55 |       |       ||   124
       Chain mail        |       |    26 |    83 |    71 |   294 |   121 ||   595
       Crystal plate arm |       |       |       |       |       |   162 ||   162
Dodge: Dodged            |    31 |    34 |    77 |   124 |   318 |   253 ||   837
Block: Kite shield       |    45 |    52 |   153 |   360 |   727 |   609 ||  1946
       Reflection        |       |       |       |     3 |       |       ||     3
